Map: Lightshade LE

Players

Dooties - Winner!

  • Race: Terran Terran
  • League: Diamond

ViBE

  • Race: Zerg Zerg
  • League: Diamond

VOD

Have the link to the VOD?

Description

Time

  • Played on: April 18, 2021, 10:08 p.m.
  • Length: 11:53
Show
View Real Time Build Order
Export as new Build Order

Dooties Terran - Winner!

Build Orders: Hellion Opening, Reaper Expand 

Get SALT Encoding   

  12  0:01  SCV  
  13  0:14  SCV  
  14  0:17  Supply Depot  
  14  0:26  SCV  
  15  0:39  SCV, Barracks  
  16  0:44  Refinery  
  16  0:51  SCV  
  17  1:03  SCV  
  18  1:15  SCV  
  19  1:28  Reaper, Orbital Command  
  20  1:39  Command Center  
  20  1:53  SCV, Supply Depot  
  21  1:59  Marine  
  22  2:05  Factory  
  22  2:06  SCV  
  23  2:18  SCV  
  23  2:21  Barracks Reactor  
  24  2:30  SCV  
  25  2:42  SCV  
  26  2:45  Command Center  
  26  2:57  Orbital Command  
  26  3:04  SCV  
  27  3:07  Hellion  
  27  3:08  Hellion  
  27  3:09  Starport  
  31  3:16  SCV  
  32  3:27  SCV  
  33  3:28  SCV, Hellion  
  33  3:30  Hellion  
  38  3:39  SCV  
  38  3:40  SCV, Supply Depot  
  40  3:41  Barracks Tech Lab  
  40  3:47  Starport Tech Lab  
  40  3:49  Refinery  
  40  3:50  Hellion  
  40  3:51  SCV  
  40  3:53  SCV, Hellion  
  46  4:00  Orbital Command  
  46  4:03  SCV  
  46  4:05  Engineering Bay  
  47  4:10  Engineering Bay  
  47  4:14  Supply Depot  
  47  4:17  SCV, Stimpack  
  47  4:22  SCV  
  49  4:28  SCV, Marine  
  54  4:34  Refinery  
  54  4:36  Refinery, SCV x2  
  56  4:40  SCV  
  57  4:46  Marine  
  57  4:48  SCV  
  57  4:51  Terran Infantry Armor Level 1, Terran Infantry Weapons Level 1  
  56  4:58  SCV x2  
  58  5:01  SCV, Barracks  
  58  5:03  Barracks  
  58  5:04  Medivac  
  58  5:05  Marine  
  62  5:10  SCV  
  62  5:13  Orbital Command  
  63  5:16  SCV  
  63  5:17  Siege Tank  
  67  5:23  SCV, Marine  
  69  5:31  SCV  
  70  5:35  Supply Depot  
  70  5:37  SCV, Supply Depot  
  70  5:39  SCV  
  70  5:41  Marine  
  73  5:45  Armory  
  73  5:51  Barracks Reactor  
  73  5:52  Barracks Reactor  
  73  5:57  Combat Shield  
  73  5:59  Marine, Siege Tank  
  77  6:05  SCV  
  78  6:13  Barracks x2  
  78  6:15  Factory, Medivac  
  78  6:17  Barracks, Marine  
  78  6:18  Barracks  
  81  6:21  SCV  
  81  6:24  Supply Depot  
  81  6:25  Supply Depot  
  82  6:26  Supply Depot  
  82  6:31  Widow Mine, SCV  
  82  6:32  SCV  
  86  6:34  Marine  
  87  6:45  Marine x3  
  87  6:46  Terran Infantry Armor Level 2, Terran Infantry Weapons Level 2  
  90  6:49  SCV x3  
  90  6:52  Refinery  
  90  6:53  Refinery  
  93  6:55  Marine x2  
  93  6:56  Command Center  
  93  7:00  Medivac  
  97  7:01  SCV x2  
  97  7:02  Medivac  
  97  7:04  SCV  
  102  7:12  Marine x2  
  102  7:13  SCV x2  
  106  7:18  Marine x2  
  106  7:20  Barracks Reactor x2, Factory Tech Lab  
  106  7:21  Barracks Reactor  
  106  7:22  Barracks Reactor  
  108  7:24  SCV  
  108  7:26  SCV  
  108  7:28  SCV  
  111  7:34  Marine x3, Supply Depot x2  
  111  7:35  Siege Tank  
  117  7:40  Terran Vehicle And Ship Armor Level 1, Supply Depot  
  117  7:56  SCV x3, Marine x5, Medivac x2  
  129  7:59  Supply Depot x2  
  129  8:01  Supply Depot  
  129  8:08  SCV x3  
  132  8:13  Marine  
  111  8:28  Marine  
  111  8:33  Marine  
  105  8:34  Marine x11  
  105  8:35  Siege Tank x2  
  116  8:46  Marine  
  116  8:47  Medivac x2  
  121  8:51  Marine  
  121  8:52  Marine x11  
  133  8:56  Supply Depot  
  133  9:04  Marine  
  133  9:07  Siege Tank  
  133  9:09  Marine x2  
  138  9:10  Terran Infantry Weapons Level 3, Terran Infantry Armor Level 3, Marine x5  
  138  9:11  Marine x2  
  138  9:14  Planetary Fortress  
  138  9:16  Marine  
  138  9:17  Marine x2  
  147  9:22  Marine  
  150  9:27  Marine x6  
  150  9:28  Marine  
  150  9:29  Marine x2  
  159  9:34  Marine x2  
  159  9:35  Marine  
  150  10:15  Marine  
  150  10:16  Marine x12  
  150  10:17  Siege Tank  
  166  10:33  Marine x3  
  166  10:34  Marine x3  
  169  10:42  Marine  
  152  10:43  Marine  
  152  10:44  Marine x3  
  152  10:45  Marine, Siege Tank  
  152  10:46  Marine  
  161  10:50  Medivac x2  
  161  10:51  Marine x2  
  152  10:57  Marine x2  
  152  10:58  Marine x2  
  152  11:00  Marine  
  152  11:02  Marine x2  
  159  11:07  Marine  
  160  11:18  Marine x10  
  149  11:19  Siege Tank  
  149  11:20  Marine x2, Siege Tank  
  149  11:25  Marine  
  162  11:35  Marine  
Show
View Real Time Build Order
Export as new Build Order

ViBE Zerg 

Build Orders: Hatch First 

Get SALT Encoding   

  12  0:00  Drone  
  13  0:13  Overlord  
  13  0:17  Drone  
  14  0:34  Drone x2  
  16  0:49  Hatchery  
  15  0:53  Drone  
  15  0:55  Drone  
  17  0:59  Drone  
  18  1:09  Extractor  
  17  1:14  Spawning Pool  
  16  1:19  Drone  
  16  1:21  Drone  
  18  1:29  Drone  
  19  1:47  Drone  
  20  2:02  Queen x2  
  20  2:04  Zergling x4  
  26  2:11  Drone  
  27  2:23  Metabolic Boost  
  27  2:30  Drone  
  28  2:41  Overlord  
  28  2:45  Hatchery  
  28  2:48  Drone  
  28  2:59  Queen  
  28  3:01  Drone  
  28  3:02  Drone x4  
  35  3:17  Drone  
  36  3:23  Overlord  
  36  3:42  Overlord  
  36  3:43  Overlord  
  36  3:45  Overlord  
  36  3:56  Queen  
  36  3:58  Drone  
  36  3:59  Drone x3  
  36  4:02  Zergling x12  
  48  4:03  Roach Warren  
  47  4:14  Drone x2  
  49  4:19  Queen  
  49  4:20  Overlord  
  51  4:26  Drone  
  51  4:27  Drone x6  
  58  4:36  Queen  
  58  4:37  Lair  
  59  4:38  Drone  
  59  4:39  Drone  
  61  4:53  Roach x2  
  61  4:55  Roach  
  61  4:58  Queen  
  69  5:04  Drone x4  
  69  5:05  Overlord x3  
  73  5:20  Overlord x3  
  73  5:23  Queen  
  73  5:25  Drone x4  
  79  5:32  Drone x9  
  88  5:40  Queen  
  90  5:47  Extractor x2  
  90  5:48  Extractor  
  90  5:49  Drone x3, Extractor  
  89  5:50  Extractor  
  88  5:58  Baneling Nest  
  88  6:00  Roach  
  87  6:05  Hatchery  
  87  6:06  Evolution Chamber  
  87  6:08  Drone x8  
  87  6:09  Drone x5, Evolution Chamber  
  97  6:14  Ravager  
  97  6:29  Drone x2  
  99  6:35  Zerg Ground Armor Level 1, Zerg Melee Weapons Level 1  
  99  6:38  Drone  
  99  6:39  Zergling x14, Hydralisk Den  
  106  6:46  Hatchery  
  106  6:47  Baneling x7  
  105  6:56  Zergling x6  
  105  6:57  Zergling x2  
  105  6:58  Baneling x4  
  109  7:16  Drone x5  
  109  7:17  Drone x5  
  119  7:26  Hatchery  
  119  7:27  Hatchery  
  119  7:28  Drone x5  
  119  7:29  Drone x2  
  124  7:37  Drone  
  125  7:45  Extractor  
  125  7:47  Extractor  
  125  7:49  Drone x4  
  127  7:56  Hatchery, Overlord  
  127  7:57  Overlord x6  
  126  8:01  Baneling  
  126  8:02  Baneling x8  
  126  8:07  Overseer x2  
  121  8:25  Zergling x2  
  121  8:26  Zergling x36  
  133  8:33  Zergling x2  
  133  8:34  Zergling x4  
  129  8:52  Hydralisk x12  
  153  8:57  Infestation Pit  
  153  8:58  Zerg Ground Armor Level 2, Zerg Melee Weapons Level 2  
  153  9:01  Grooved Spines  
  153  9:02  Centrifical Hooks  
  152  9:08  Baneling  
  152  9:09  Baneling x19  
  152  9:29  Hydralisk x7  
  152  9:30  Hydralisk  
  168  9:31  Zergling x2  
  168  9:32  Zergling x24  
  180  9:46  Hive  
  180  9:49  Baneling x12  
  180  9:50  Baneling x2, Zergling x14  
  180  9:51  Zergling x6  
  184  9:58  Zergling x16  
  148  10:11  Zergling x2  
  148  10:12  Zergling x30, Muscular Augments  
  139  10:16  Hydralisk x2  
  139  10:21  Zergling x12  
  147  10:24  Baneling  
  147  10:25  Baneling x7  
  147  10:26  Baneling x3  
  147  10:27  Baneling x2  
  111  10:43  Zergling x2  
  111  10:44  Zergling x34  
  111  10:46  Zergling x2  
  111  10:47  Zergling x4  
  120  10:57  Zergling x2  
  120  10:58  Zergling x20  
  129  11:08  Zergling x6  
  107  11:20  Hatchery  
  107  11:22  Zergling x2  
  107  11:23  Zergling x20  
  109  11:25  Baneling  
  109  11:26  Baneling x4  
  109  11:34  Baneling x7  
Tags
 
Add a new tag
Caveats
  • Supply blocks, unpowered buildings, or Contaminate may cause inaccurate times.
  • Supply counts are checked every 10 seconds.